 Dungeon Crawl Stone Soup version 0.31-a0-588-g14bffd4ff3 (webtiles) character file.

Game seed: 2695918462561518773

438 Conn the Firebug (level 7, -1/41 HPs)
             Began as an Octopode Fire Elementalist on Aug 19, 2023.
             Killed by miscasting Flame Wave (10 damage)
             ... on level 4 of the Dungeon.
             The game lasted 00:06:28 (4454 turns).

Conn the Firebug (Octopode Fire Elementalist)       Turns: 4454, Time: 00:06:28

Health: -1/41      AC:  1    Str:  8    XL:     7   Next: 1%
Magic:  3/13       EV: 13    Int: 19    God:
Gold:   177        SH:  0    Dex: 12    Spells: 2/14 levels left

rFire   . . .        b - staff of conjuration
rCold   . . .        (no shield)
rNeg    . . .        (helmet restricted)
rPois   .            (no amulet)
rElec   .            a - +4 ring of slaying
rCorr   .            (no ring)
SInv    .            (no ring)
Will    .....        (no ring)
Stlth   +++          (no ring)
HPRegen 0.26/turn    (no ring)
MPRegen 0.13/turn    (no ring)
                     (no ring)

%: no passive effects
@: very slightly contaminated
A: almost no armour, amphibious, 8 rings, camouflage 1, gelatinous body 1,
(nimble swimmer 1), tentacles
a: no special abilities


You were on level 4 of the Dungeon.
You visited 1 branch of the dungeon, and saw 4 of its levels.

You collected 177 gold pieces.

Inventory:

Magical Staves
 b - a staff of conjuration (weapon)
Jewellery
 a - a +4 ring of slaying (left tentacle)
Scrolls
 d - 2 scrolls of fog {unknown}
 e - 2 scrolls of teleportation {unknown}
 f - 3 scrolls of identify {unknown}
 g - a scroll of noise {unknown}
 i - a scroll of enchant armour {unknown}
 j - a scroll of vulnerability {unknown}
Potions
 c - a potion of lignification
 h - a potion of haste {unknown}
 k - a potion of invisibility {unknown}


   Skills:
 + Level 0.1 Fighting
 + Level 2.2 Dodging
 + Level 3.5 Stealth
 * Level 4.1 Spellcasting
 * Level 3.8 Conjurations
 + Level 4.7 Fire Magic


You had 2 spell levels left.
You knew the following spells:

 Your Spells              Type           Power      Damage    Failure   Level
a - Foxfire               Conj/Fire      100%       2x1d9     2%          1
b - Scorch                Fire           42%        2d6       3%          2
c - Inner Flame           Hex/Fire       12%        N/A       16%         3
d - Flame Wave            Conj/Fire      30%        2d9       24%         4
e - Blink                 Tloc           6%         N/A       21%         2

Your spell library contained the following spells:

 Spells                   Type           Power      Damage    Failure   Level
 Momentum Strike          Conj/Tloc      32%        3d8       10%         2
 Lesser Beckoning         Tloc           6%         N/A       21%         2
 Volatile Blastmotes      Fire/Tloc      24%        2d12      16%         3
 Summon Guardian Golem    Hex/Summ       4%         N/A       38%         3
 Orb of Destruction       Conj           13%        9d7       100%        7
 Spellforged Servitor     Conj/Summ      8%         N/A       100%        7


Dungeon Overview and Level Annotations

Branches:
Dungeon (4/15)
 Temple: D:4-7

Altars:
Ashenzari
Qazlal
Wu Jian

Annotations:
D:4 1 runed translucent door, Pikel; blacky4's ghost, novice GnHu


Innate Abilities, Weirdness & Mutations

You cannot wear most types of armour.
You are amphibious.
You can wear up to eight rings at the same time.
Your skin changes colour to match your surroundings (Stealth+).
Your rubbery body absorbs attacks. (AC +1, EV +1)
((You are camouflaged when in or above water. (Stealth+)))
You have tentacles for arms and can constrict up to eight enemies at once.


Message History

Level annotation: 1 runed translucent door, Pikel; blacky4's ghost, novice GnHu The lemure misses you.
Pikel hits you with a +1 whip of electrocution!
There is a stone staircase leading up here.
Casting: Scorch (safe; 3% risk of failure)
Confirm with . or Enter, or press ? or * to list all spells.
Casting: Flame Wave (quite dangerous; 24% risk of failure)
Press: ? - help, Dir - look around, f - activate You feel a surge of power!
A wave of flame ripples out!
The flame wave engulfs the lemure!
The lemure is heavily wounded.
The flame wave engulfs Pikel!
Pikel is moderately wounded. (Press . to intensify the flame waves.)
The lemure barely misses you.
Pikel hits you with a +1 whip of electrocution!
A wave of flame ripples out!
The flame wave engulfs the lemure!
The lemure is almost dead.
The flame wave engulfs Pikel!
Pikel is heavily wounded.
You hear an angry hiss.
The lemure hits you but does no damage.
Pikel hits you with a +1 whip of electrocution.
A wave of flame ripples out!
The flame wave engulfs the lemure.
The lemure is almost dead.
The flame wave engulfs Pikel.
Pikel is severely wounded.
You finish channelling waves of flame.
The lemure hits you!
* * * LOW HITPOINT WARNING * * *
Pikel closely misses you.
Unknown command.
Unknown command.
Casting: Flame Wave (quite dangerous; 24% risk of failure)
Confirm with . or Enter, or press ? or * to list all spells.
Casting: Flame Wave (quite dangerous; 24% risk of failure)
Press: ? - help, Dir - look around, f - activate You feel a surge of power!
You miscast Flame Wave.
You are very lightly contaminated with residual magic.
There is a sudden and violent explosion of flames!
You die...

..####........................###
...##.5...................#....##
......K#.........................
....####................≈≈≈≈≈≈≈≈≈
....###.........###.....≈§.§....≈
.....###.......#####....≈§§§≈≈§.≈
..K5.##........).##.....≈.≈...§.≈
(..5.##......).5.K......≈.≈._.≈.≈
.....###........@##.....≈.≈...≈.≈
..5#.# #.........###.##.≈.≈≈≈≈≈.≈
#..####............#.#..≈.......≈
.........#......#...>...≈≈≈≈≈≈≈≈.
..#.....##.......#.#............
.....####....#...###.......##..
.....# #....##... ......###
.....# ..... .... ##....# .......


You could see Pikel and a lemure.

Vanquished Creatures
  An ice beast (D:4)
  3 lemures
  A bullfrog (D:4)
  A scorpion (D:4)
  A hound (D:4)
  Crazy Yiuf (D:2)
  An orc wizard (D:4)
  7 adders
  An ufetubus (D:4)
  3 worms (D:2)
  2 dart slugs (D:2)
  7 orcs
  6 bats
  4 endoplasms
  3 giant cockroaches
  3 goblins
  4 hobgoblins
  4 quokkas (D:1)
  8 ball pythons
  3 frilled lizards
  6 kobolds
  6 rats
76 creatures vanquished.

Vanquished Creatures (others)
  252 foxfires
252 creatures vanquished.

Grand Total: 328 creatures vanquished

Notes
Turn   | Place    | Note
-------+----------+-------------------------------------------
     0 | D:1      | Conn the Octopode Fire Elementalist began the quest for the
                  | Orb.
     0 | D:1      | Reached XP level 1. HP: 11/11 MP: 3/3
   156 | D:1      | Reached XP level 2. HP: 17/17 MP: 0/5
   574 | D:1      | Learned a level 2 spell: Scorch
  1141 | D:2      | Reached XP level 3. HP: 18/21 MP: 6/6
  1484 | D:2      | Found a faded altar of an unknown god.
  1497 | D:2      | Reached XP level 4. HP: 27/27 MP: 1/8
  1926 | D:2      | Found a runed translucent door.
  1927 | D:2      | Noticed Crazy Yiuf
  1934 | D:2      | Learned a level 3 spell: Inner Flame
  2566 | D:2      | Killed Crazy Yiuf
  2840 | D:3      | Found an ornate altar of the Wu Jian Council.
  2846 | D:3      | Reached XP level 5. HP: 31/31 MP: 6/9
  3650 | D:4      | Found a runed translucent door.
  3683 | D:4      | Found a broken altar of Ashenzari.
  3884 | D:4      | Reached XP level 6. HP: 36/36 MP: 7/11
  4084 | D:4      | Found a stormy altar of Qazlal.
  4099 | D:4      | Noticed an ice beast
  4105 | D:4      | Killed an ice beast
  4106 | D:4      | Reached XP level 7. HP: 41/41 MP: 6/13
  4224 | D:4      | Noticed Pikel
  4240 | D:4      | Noticed blacky4's ghost (novice GnHu)
  4445 | D:3      | Learned a level 4 spell: Flame Wave
  4448 | D:3      | Learned a level 2 spell: Blink
  4454 | D:4      | Killed by miscasting Flame Wave

Illustrated notes

Levels and vault maps discovered:
D:1:      heliophobic_arrival_ceremonial_halls, layout_basic,
          amcnicky_mini_rare_corridor_liquid
D:2:      layout_basic, hellmonk_ecumenical_altar_crossroads, item_on_display_a,
          uniq_crazy_yiuf_cottage
D:3:      wander_river, layout_loops_ring, mainiacjoe_overflow_chevrons,
          nrook_uturn, minmay_misc_feat_enclosed
D:4:      layout_cave_pools, mainiacjoe_overflow_alcove_2,
          mainiacjoe_overflow_concentric_impassable, ebering_ghost_sewer_d,
          uniq_pikel

Skill      XL: |  1  2  3  4  5  6 |
---------------+-------------------+-----
Spellcasting   | 3 4 |  4.1
Conjurations   | 2 3 |  3.8
Stealth        | 3 |  3.5
Fire Magic     | 4 |  4.7
Fighting       | |  0.1
Dodging        | |  2.2

Action                     |  1- 3 |  4- 6 |  7- 9 || total
---------------------------+-------+-------+-------++-------
  Melee: Staff             |    14 |    20 |       ||    34
         Constrict         |     5 |     5 |       ||    10
         Tentacles         |     3 |     1 |       ||     4
         Unarmed           |     2 |       |       ||     2
   Cast: Foxfire           |    56 |    81 |     8 ||   145
         Scorch            |     6 |    11 |     8 ||    25
         Inner Flame       |       |     1 |     2 ||     3
         Flame Wave        |       |       |     1 ||     1
    Use: Potion            |       |     2 |       ||     2
   Stab: Sleeping          |     1 |     3 |       ||     4
 Armour: Skin              |     2 |    19 |     4 ||    25
  Dodge: Dodged            |    10 |    35 |    10 ||    55

Table legend: (Time is in decaauts)
 A = Elapsed time spent in this place.
 B = Non-inter-level travel time spent in this place.
 C = Inter-level travel time spent in this place.
 D = Time resting spent in this place.
 E = Time spent auto-exploring this place.
 F = Levels seen in this place.
 G = Mean time per level.
                   A        B        C        D        E       F      G
               +--------+--------+--------+--------+--------+-----+--------+
         Total |   4461 |   4397 |     64 |    169 |   3410 |   4 | 1115.2 |
       Dungeon |   4461 |   4397 |     64 |    169 |   3410 |   4 | 1115.2 |
               +--------+--------+--------+--------+--------+-----+--------+

Top non-repeatable levels by time:
     D:2: 1560 daAuts
     D:1: 1135 daAuts
     D:3: 1098 daAuts
     D:4: 666 daAuts
